 Dungeon Crawl Stone Soup version 0.17-a0-1701-gf693a3f (webtiles) character file.

315 hexophile the Sneak (level 6, -6/32 HPs)
             Began as a Spriggan Berserker on Aug 21, 2015.
             Was a Believer of Trog.
             Mangled by an ice beast (14 damage)
             ... on level 5 of the Dungeon.
             The game lasted 00:09:22 (4426 turns).

hexophile the Sneak (Spriggan Berserker)            Turns: 4426, Time: 00:09:23

Health: -6/32      AC:  3    Str: 14    XL:     6   Next: 19%
Magic:  7/7        EV: 19    Int:  9    God:    Trog [**....]
Gold:   222        SH:  0    Dex: 16    Spells: 0 memorised, 5 levels left

rFire  . . .     SeeInvis +     a - +0 falchion
rCold  . . .     Clarity  .     b - +1 animal skin
rNeg   . . .     SustAt   .     (shield restricted)
rPois  .         Gourm    .     (helmet restricted)
rElec  .         Spirit   .     (no cloak)
rCorr  .         Warding  .     (gloves unavailable)
rMut   .         Stasis   .     (boots unavailable)
MR     +....                    (no amulet)
Stlth  +++.......               (no ring)
                                (no ring)

@: exhausted, very quick, somewhat resistant to hostile enchantments, fairly
stealthy
A: unfitting armour, see invisible, herbivore 3, speed 3, slow metabolism 2
a: Burn Spellbooks, Berserk, Trog's Hand, Renounce Religion


You were on level 5 of the Dungeon.
You worshipped Trog.
Trog was pleased with you.
You were not hungry.

You visited 1 branch of the dungeon, and saw 5 of its levels.

You collected 222 gold pieces.

Inventory:

Hand weapons
 a - a +0 falchion (weapon)
Missiles
 g - 107 stones (quivered)
Armour
 b - a +1 animal skin (worn)
Jewellery
 t - the ring "Esein" {*Corrode +Inv +Fly Int+4 Stlth+}
   (You found it on level 4 of the Dungeon)

   [ring of flight]

   It affects your intelligence (+4).
   It lets you turn invisible.
   It lets you fly.
   It may corrode your equipment when you take damage.
   It makes you more stealthy.
Scrolls
 d - a scroll of remove curse
 e - 3 scrolls of identify
 k - a scroll of magic mapping
 m - 2 scrolls of teleportation
 q - a scroll of enchant weapon {unknown}
 s - a scroll of immolation {unknown}
Potions
 f - 2 potions of resistance {unknown}
 h - a potion of haste {unknown}
 j - a potion of brilliance {unknown}
 l - a potion of degeneration {unknown}
 n - a potion of might {unknown}
 o - 2 potions of curing {unknown}
Comestibles
 c - 2 bread rations
 r - a slice of pizza


   Skills:
 - Level 2.4 Fighting
 * Level 5.0 Long Blades
 - Level 4.4 Dodging
 + Level 5.1 Stealth


You had 5 spell levels left.
You didn't know any spells.

Dungeon Overview and Level Annotations

Branches:
Dungeon (5/15)
 Temple: D:4-7

Altars:
Dithmenos
Fedhas
Sif Muna


Innate Abilities, Weirdness & Mutations

You are tiny and cannot use many weapons and most armour.
You have supernaturally acute eyesight.
You are a herbivore.
You cover ground extremely quickly.
You need consume almost no food.


Message History

The ice beast freezes you! The ice beast misses you.
You hit the ice beast but do no damage. The ice beast barely misses you.
You hit the ice beast.
The ice beast is lightly wounded.
The ice beast hits you. The ice beast freezes you!
* * * LOW HITPOINT WARNING * * *
The ice beast misses you.
You hit the ice beast.
The ice beast is moderately wounded.
The ice beast completely misses you. The ice beast misses you.
You hit the ice beast.
The ice beast is heavily wounded.
The ice beast hits you but does no damage.
You hit the ice beast.
The ice beast is heavily wounded.
You feel yourself speed up. The ice beast hits you.
* * * LOW HITPOINT WARNING * * *
The ice beast freezes you!
You die...

## .# .### # ### ...
#. #.. .. #.##.##.#
#.......# #.....@Y#
###...### #...# ###.#
##. ####.#### #...
#.......# #..#
#.##.##.# #..##
#.##....# #####....
#.#####.######.....>..


You could see an ice beast.

Vanquished Creatures
  A sky beast (D:5)
  A centaur (D:4)
  An orc wizard (D:4)
  A hound skeleton (D:4)
  3 adders
  An ooze (D:1)
  A worm (D:3)
  4 giant geckos
  4 orcs (D:4)
  7 giant cockroaches
  7 hobgoblins
  4 kobolds
  A quokka (D:2)
  2 ball pythons
  3 bats
  A giant newt (D:2)
  7 goblins
  3 jackals (D:3)
  A quokka skeleton (D:4)
  14 rats
67 creatures vanquished.

Notes
Turn   | Place    | Note
--------------------------------------------------------------
     0 | D:1      | hexophile the Spriggan Berserker began the quest for the Orb.
     0 | D:1      | Reached XP level 1. HP: 11/11 MP: 2/2
   153 | D:1      | Reached XP level 2. HP: 11/16 MP: 3/3
   273 | D:1      | HP: 1/16 [kobold/short sword (4)]
  1197 | D:1      | Reached skill level 1 in Stealth
  1419 | D:2      | Found a blossoming altar of Fedhas.
  1438 | D:2      | Reached XP level 3. HP: 7/19 MP: 4/4
  1640 | D:2      | Acquired Trog's second power
  1790 | D:2      | HP: 2/28 [poisoned by an adder]
  2703 | D:3      | Found a shadowy altar of Dithmenos.
  2882 | D:3      | Reached XP level 4. HP: 23/23 MP: 5/5
  3281 | D:3      | Found a deep blue altar of Sif Muna.
  3334 | D:3      | Found a faded altar to an unknown god.
  3646 | D:4      | HP: 1/23 [orc wizard/magic dart (3)]
  3656 | D:4      | HP: 2/23 [orc wizard/magic dart (5)]
  3716 | D:4      | Reached XP level 5. HP: 25/27 MP: 6/6
  4149 | D:4      | Got a warped lapis lazuli ring
  4170 | D:3      | Identified the ring "Esein" {*Corrode +Inv +Fly Int+4 Stlth+} (You found it on level 4 of the Dungeon)
  4263 | D:4      | Noticed a centaur
  4287 | D:4      | Killed a centaur
  4357 | D:5      | Entered Level 5 of the Dungeon
  4365 | D:5      | Noticed a sky beast
  4385 | D:5      | Killed a sky beast
  4385 | D:5      | Reached skill level 5 in Long Blades
  4385 | D:5      | Reached skill level 5 in Stealth
  4385 | D:5      | Reached XP level 6. HP: 32/32 MP: 7/7
  4415 | D:5      | Noticed an ice beast
  4426 | D:5      | Mangled by an ice beast

Vault maps used:
D:1:      dpeg_arrival_radiant
D:2:      fedhas_altar_1
D:3:      old_standard_altar, ecumenical_altar_2, first_bread,
          grunt_dithmenos_smoke
D:4:      minmay_misc_feat_cross
D:5:      lemuel_temple_firewalk

Action                   |  1- 3 |  4- 6 || total
-------------------------+-------+-------++-------
Melee: Falchion          |   160 |   160 ||   320
Throw: Stone             |     1 |       ||     1
Invok: Trog's Hand       |     3 |     5 ||     8
       Berserk           |     1 |     2 ||     3
  Use: Scroll            |     7 |     1 ||     8
       Potion            |     2 |       ||     2
 Stab: Sleeping          |     6 |     2 ||     8
       Distracted        |     2 |       ||     2
  Eat: Fruit             |       |     2 ||     2
       Bread ration      |       |     1 ||     1
